 Dungeon Crawl Stone Soup version 0.21.0-3-g78d12a8 (console) character file.

535 hilaritas the Slasher (level 7, -1/54 HPs)
             Began as a Human Fighter on Jan 11, 2018.
             Was a Follower of Wu Jian.
             Slain by an orc wizard
             ... wielding a +0 dagger
              (3 damage)
             ... on level 4 of the Dungeon.
             The game lasted 00:10:26 (3964 turns).

hilaritas the Slasher (Human Fighter)               Turns: 3964, Time: 00:10:27

Health: -1/54      AC:  7    Str: 19    XL:     7   Next: 50%
Magic:  7/7        EV:  7    Int:  8    God:    Wu Jian [*.....]
Gold:   122        SH:  9    Dex: 12    Spells: 4/6 levels left

rFire    . . .     SeeInvis .   a - +1 long sword
rCold    . . .     Gourm    .   c - +0 shield
rNeg     . . .     Faith    .   b - +0 scale mail
rPois    .         Spirit   .   g - +0 helmet
rElec    .         Reflect  .   (no cloak)
rCorr    .         Harm     .   (no gloves)
MR       .....                  (no boots)
Stlth    +.........             (no amulet)
HPRegen  0.18/turn              p - ring of stealth
MPRegen  0.10/turn              (no ring)

@: slowed, very slow
A: no striking features
a: Renounce Religion


You were on level 4 of the Dungeon.
You worshipped Wu Jian.
Wu Jian was aware of your devotion.
You were not hungry.

You visited 1 branch of the dungeon, and saw 4 of its levels.

You collected 122 gold pieces.

Inventory:

Hand Weapons
 a - a +1 long sword (weapon)
 s - a +1 dagger of protection
Armour
 b - a +0 scale mail (worn)
 c - a +0 shield (worn)
 g - a +0 helmet (worn)
Jewellery
 l - an uncursed ring of magical power
 p - a ring of stealth (left hand)
 q - an uncursed ring of fire
Scrolls
 n - 2 scrolls of amnesia
Potions
 e - 2 potions of curing
 h - a potion of haste
 j - 3 potions of brilliance
 m - a potion of heal wounds
 o - a potion of agility
 r - 3 potions of mutation
Comestibles
 f - 3 rations


   Skills:
 + Level 4.0 Fighting
 * Level 6.4 Long Blades
 - Level 3.0 Armour
 + Level 4.2 Shields


You had 4 spell levels left.
You knew the following spells:

 Your Spells              Type           Power        Failure   Level  Hunger
a - Blink                 Tloc           N/A          100%        2    ###....


Dungeon Overview and Level Annotations

Branches:
Dungeon (4/15)
 Temple: D:4-7

Altars:
Ashenzari
Vehumet
Wu Jian
Xom


Message History

You closely miss something. You block the giant cockroach's attack.
Something hits you but does no damage.
The giant cockroach bites you but does no damage.
You hear some strange, mumbled words.
Something tries to affect you, but you resist.
You hit the giant cockroach.
The giant cockroach is heavily wounded.
The giant cockroach barely misses you.
You hear some strange, mumbled words.
A magic dart appears from out of thin air!
The magic dart hits you!
* * * LOW HITPOINT WARNING * * *
You block the giant cockroach's attack. Something hits you but does no damage.
The giant cockroach barely misses you.
You hear some strange, mumbled words.
A magic dart appears from out of thin air!
The magic dart hits you!
* * * LOW HITPOINT WARNING * * *
Something hits you.
You die...

####.##...
#........#
#.......>#
##........#
.#.........#
#......<...#
##.........######.
#........)........
.......#!#)####.#
........{s.#
>.......@..#
######.........#
###.######. #.#
#.# #.. ##. .


You could see a giant cockroach.

Vanquished Creatures
  The ghost of Jatast the Digger, a novice GrEE of Sif Muna (D:3)
  A scorpion (D:4)
  Natasha (thrice) (D:2 D:4)
  6 adders
  2 oozes (D:2)
  3 worms
  A dart slug (D:3)
  3 leopard geckos
  10 orcs
  8 goblins
  6 hobgoblins
  11 jackals
  A quokka (D:2)
  A ball python (D:1)
  14 bats
  10 frilled lizards
  11 kobolds
  4 rats
96 creatures vanquished.

Notes
Turn   | Place    | Note
-------+----------+-------------------------------------------
     0 | D:1      | hilaritas the Human Fighter began the quest for the Orb.
     0 | D:1      | Reached XP level 1. HP: 18/18 MP: 1/1
   202 | D:1      | Reached XP level 2. HP: 24/24 MP: 2/2
   496 | D:1      | Reached XP level 3. HP: 29/29 MP: 3/3
  1183 | D:2      | Learned a level 2 spell: Blink
  1207 | D:2      | Reached skill level 3 in Long Blades
  1344 | D:2      | Reached XP level 4. HP: 35/35 MP: 4/4
  1409 | D:2      | Noticed Natasha
  1419 | D:2      | Killed Natasha
  1606 | D:2      | Noticed Natasha
  1616 | D:2      | HP: 2/35 [Natasha (4)]
  1623 | D:2      | Killed Natasha
  1623 | D:2      | Reached XP level 5. HP: 9/41 MP: 5/5
  1890 | D:2      | Reached skill level 4 in Long Blades
  2326 | D:2      | Found an ornate altar of the Wu Jian Council.
  2341 | D:2      | Became a worshipper of the Wu Jian Council
  2555 | D:3      | Found a faded altar of an unknown god.
  2967 | D:3      | Reached XP level 6. HP: 38/48 MP: 6/6
  3164 | D:3      | Found a shattered altar of Ashenzari.
  3164 | D:3      | Found a radiant altar of Vehumet.
  3175 | D:3      | Found a shimmering altar of Xom.
  3394 | D:3      | Noticed Jatast's ghost (novice GrEE)
  3418 | D:3      | Killed Jatast's ghost
  3418 | D:3      | Reached skill level 6 in Long Blades
  3418 | D:3      | Reached XP level 7. HP: 28/54 MP: 7/7
  3645 | D:3      | Reached * piety under Wu Jian
  3937 | D:4      | Noticed Natasha
  3954 | D:4      | Killed Natasha
  3963 | D:4      | HP: 4/54 [something/magic dart (9)]
  3964 | D:4      | Slain by an orc wizard

Skill      XL: |  1  2  3  4  5  6 |
---------------+-------------------+-----
Long Blades    | 3 4 6 |  6.4
Fighting       | 4 |  4.0
Shields        | 4 |  4.2
Armour         | |  3.0

Action                   |  1- 3 |  4- 6 |  7- 9 || total
-------------------------+-------+-------+-------++-------
Melee: Long sword        |   117 |   193 |    45 ||   355
Invok: Lunge             |       |     8 |       ||     8
       Whirlwind         |       |       |     2 ||     2
  Use: Scroll            |     6 |     6 |       ||    12
       Potion            |       |     4 |       ||     4
  Eat: Chunk             |     2 |     6 |     2 ||    10
Armor: Scale mail        |    51 |    85 |    23 ||   159
       Skin              |       |     9 |       ||     9
Dodge: Dodged            |    44 |    44 |    24 ||   112
Block: Shield            |    60 |    89 |    25 ||   174
       Rpst.: Long sword |    11 |    12 |     2 ||    25
